 Dungeon Crawl Stone Soup version 0.31.0 (webtiles) character file.

Game seed: 8927784864881686311

53 Skeral the Firebug (level 3, -5/52 HPs)
             Began as an Oni Fire Elementalist on Jan 20, 2024.
             Killed from afar by Ijyb (15 damage)
             ... with a bolt of light
             ... on level 3 of the Dungeon.
             The game lasted 00:05:15 (1656 turns).

Skeral the Firebug (Oni Fire Elementalist)          Turns: 1656, Time: 00:05:15

Health: -5/52      AC: 21    Str: 12    XL:     3   Next: 87%
Magic:  1/7        EV:  1    Int: 18    God:
Gold:   83         SH:  0    Dex:  9    Spells: 5/8 levels left

rFire   . . .        g - +0 dagger
rCold   . . .        (no shield)
rNeg    . . .        a - melded +0 robe
rPois   +            c - melded +1 hat
rElec   .            j - melded scarf {repulsion}
rCorr   .            (gloves unavailable)
SInv    .            (boots unavailable)
Will    .....        (no amulet)
Stlth   +            (no ring)
HPRegen 0.28/turn    (no ring)
MPRegen 0.10/turn

%: no passive effects
@: confused, tree-form (expiring), very slightly contaminated, invisible
A: stationary, stasis, torment immunity, boosted hp, large, unfitting armour,
(horns 1), (tough skin 1), double potion healing, drunken brawling
a: no special abilities


You were on level 3 of the Dungeon.
You were a tree.
You visited 1 branch of the dungeon, and saw 3 of its levels.

You collected 83 gold pieces.


Innate Abilities, Weirdness & Mutations

You are a tree.
Your roots penetrate the ground, keeping you stationary.
You cannot be teleported.
You are immune to unholy pain and torment.
Your maximum health is greatly increased.
Your equipment is partially melded.
You are too large for most types of armour.
((You have a pair of small horns on your head.))
((You have tough skin. (AC +1)))
You gain doubled healing and magic from potions.
Whenever you drink a healing potion, you attack all around you.


   Skills:
 + Level 2.2 Fighting
 - Level 1.7 Dodging
 - Level 1.4 Stealth
 - Level 3.0 Spellcasting
 + Level 1.7 Conjurations
 + Level 3.1 Fire Magic


You had 5 spell levels left.
You knew the following spells:

 Your Spells              Type           Power      Damage    Failure   Level
f - Foxfire               Conj/Fire      44%        2x1d6     6%          1
s - Scorch                Fire           28%        2d6       7%          2

Your spell library contained the following spells:

 Spells                   Type           Power      Damage    Failure   Level
 Magic Dart               Conj           36%        1d4       8%          1
 Searing Ray              Conj           18%        2d5       12%         2
 Static Discharge         Conj/Air       10%        3-4/arc   17%         2
 Inner Flame              Hex/Fire       8%         N/A       26%         3
 Volatile Blastmotes      Fire/Tloc      16%        2d11      26%         3
 Gell's Gravitas          Tloc           2%         N/A       43%         3
 Teleport Other           Tloc           2%         N/A       43%         3
 Flame Wave               Conj/Fire      11%        2d6       52%         4
 Fulminant Prism          Conj/Alch      2%         3d5       75%         4
 Airstrike                Air            1%         2d(1-17)  85%         4
 Summon Lightning Spire   Summ/Air       2%         N/A       85%         4
 Dispersal                Tloc           1%         N/A       100%        6

Inventory:

Hand Weapons
 g - a +0 dagger (weapon)
   (You took it off a goblin on level 1 of the Dungeon)
Armour
 a - a +0 robe (melded)
 c - a +1 hat (melded)
   (You found it on level 1 of the Dungeon)
 f - an orb of light
   (You found it on level 1 of the Dungeon)
 j - a scarf of repulsion (melded)
   (You found it on level 2 of the Dungeon)
Jewellery
 T - an amulet of faith {!P}
   (You found it on level 1 of the Dungeon)
Scrolls
 i - a scroll of enchant weapon {unknown}
Potions
 b - a potion of magic
 k - a potion of invisibility

Dungeon Overview and Level Annotations

Branches:
Dungeon (3/15) Zot: 16343

Altars:

Shops:
D:1 (

Annotations:
D:3 Ijyb, Robin

#.!# # #..# ##.
#..# ###
...##..# #.#
.....# ####.#
#...# #....#
#...###.##♣#
#.........g#
.....(...##.##.#
.^..#...###.##.#
.....>.). ..####
........###.#
...###.g# #.#
..$ #... ... ..
#.## ###


You could see Ijyb (unable to see you).


Message History

Ijyb zaps a wand.
The bolt of light misses you. 😮 HP[+1]
You aren't carrying any items that you can evoke.
You barely miss Ijyb.
Ijyb hits you with a +0 dagger. 😮 HP[-3]
You take 3 damage, and now have 23/35 hp.
You hit Ijyb but do no damage. You headbutt Ijyb.
Ijyb zaps a wand.
The bolt of light hits you!
* * * LOW HITPOINT WARNING * * *
😨 HP[-10]
You take 10 damage, and now have 13/35 hp.
MASSIVE DAMAGE!! (PAUSE)
You take a swig of the potion and twirl your +0 dagger.
You closely miss Ijyb.
You savour every drop.
You feel better. Ijyb closely misses you. 😮 HP[+10]
You regained 10 hp, and now have 23/35 hp.
You hit Ijyb but do no damage. Your headbutt misses Ijyb.
Ijyb hits you with a +0 dagger. 😮 HP[-3] MP[+1]
You take 3 damage, and now have 20/35 hp.
Casting: Foxfire (safe; 6% risk of failure)
Confirm with . or Enter, or press ? or * to list all spells.
You miscast Foxfire.
You are very lightly contaminated with residual magic.
Nothing appears to happen.
Ijyb zaps a wand.
The bolt of light hits you!
You are confused.
* * * LOW HITPOINT WARNING * * *
😱 HP[-12] MP[-1]
You take 12 damage, and now have 8/35 hp.
MASSIVE DAMAGE!! (PAUSE)
You lost 1 mp, and now have 0/7 mp.
It was a potion of invisibility.
You fade into invisibility!
Ijyb zaps a wand.
The bolt of light misses you.
Okay, then.
You're too confused to move!
Ijyb completely misses you.
You feel less confused. 😨 HP[+1]
You hit Ijyb but do no damage. Ijyb hits you but does no damage.
You closely miss Ijyb. Ijyb closely misses you.
It was a potion of lignification.
You turn into a tree.
Your scarf of repulsion melds into your body.
Your +1 hat melds into your body.
Your +0 robe melds into your body.
The haze of the repulsion field disappears.
Your roots penetrate the ground.
Ijyb zaps a wand.
The bolt of light hits you but does no damage. 😨 HP[+5]
You now have 52 max hp (+17).
You regained 5 hp, and now have 14/52 hp.
Unknown command.
You hit Ijyb but do no damage. Ijyb hits you but does no damage.
You hit Ijyb but do no damage.
Ijyb zaps a wand.
The bolt of light hits you but does no damage.
You are confused. 😨 HP[+1]
You cannot move. (Use ctrl+direction or * direction to attack while stationary and confused.)
You cannot move. (Use ctrl+direction or * direction to attack while stationary and confused.)
You hit Ijyb but do no damage.
Ijyb hits you but does no damage. 😨 MP[+1]
You hit Ijyb but do no damage. Ijyb hits you but does no damage.
You barely miss Ijyb.
You feel less confused.
Ijyb zaps a wand.
The bolt of light hits you.
You are confused.
* * * LOW HITPOINT WARNING * * *
😱 HP[-5]
You take 5 damage, and now have 10/52 hp.
You swing at nothing.
Ijyb zaps a wand.
The bolt of light hits you.
You are more confused.
* * * LOW HITPOINT WARNING * * *
😱 HP[-1]
You take 1 damage, and now have 9/52 hp.
You attack the rock wall.
You hear the slow rusting of a very distant drain.
Ijyb hits you but does no damage.
You attack the rock wall.
Your transformation is almost over.
Ijyb hits you but does no damage.
You hit Ijyb but do no damage. Ijyb hits you but does no damage.
You attack the rock wall.
You feel less confused.
Ijyb hits you but does no damage. 😱 HP[+1]
You hit Ijyb but do no damage.
Ijyb zaps a wand.
The bolt of light hits you!
You are confused.
You die...

Skill      XL: |  1  2  3 |
---------------+----------+-----
Conjurations   | 1 |  1.7
Fighting       | 1 2 |  2.2
Fire Magic     | 3 |  3.1
Spellcasting   | 3 |  3.0
Dodging        | |  1.7
Stealth        | |  1.4

Action                     || total
---------------------------++-------
  Melee: Unarmed           ||     4
         Dagger            ||    45
         Headbutt          ||     6
   Cast: Foxfire           ||    35
         Scorch            ||     7
    Use: Potion            ||     4
         Scroll            ||     2
 Armour: Robe              ||    42
         Skin              ||    12
  Dodge: Dodged            ||    28

Levels and vault maps discovered:
D:1:      dpeg_arrival_water_fire, layout_basic, serial_shops,
          nicolae_shop_peninsula
D:2:      layout_loops_ring
D:3:      layout_basic, mainiacjoe_sewer_entry_somewhere_in_here_2,
          uniq_terence, uniq_jessica, uniq_ijyb, uniq_robin, uniq_sigmund

Notes
Turn   | Place    | Note
-------+----------+-------------------------------------------
     0 | D:1      | Skeral the Oni Fire Elementalist began the quest for the
                  | Orb.
     0 | D:1      | Reached XP level 1. HP: 16/16 MP: 3/3
     0 | D:1      | magus.rc [v1.10.3]
   181 | D:1      | Reached skill level 1 in Conjurations
   306 | D:1      | Reached XP level 2. HP: 26/26 MP: 2/5
   357 | D:1      | You add the spells Gell's Gravitas, Teleport Other and
                  | Dispersal to your library.
   365 | D:1      | Reached skill level 1 in Fighting
   396 | D:1      | Found Oduideo's Weapon Shop.
   531 | D:1      | You pick up a book of Storms and begin reading...
   531 | D:1      | You add the spells Static Discharge, Airstrike and Summon
                  | Lightning Spire to your library.
   873 | D:2      | Learned a level 2 spell: Scorch
  1015 | D:2      | Reached XP level 3. HP: 28/33 MP: 2/7
  1098 | D:2      | Reached skill level 3 in Fire Magic
  1103 | D:2      | Reached skill level 2 in Fighting
  1103 | D:2      | Reached skill level 3 in Spellcasting
  1219 | D:2      | You pick up a book of Conjurations and begin reading...
  1219 | D:2      | You add the spells Magic Dart, Searing Ray and Fulminant
                  | Prism to your library.
  1608 | D:3      | Noticed Robin
  1619 | D:3      | Noticed Ijyb
  1639 | D:3      | HP: 8/35 [Ijyb/bolt of light (12)]
  1650 | D:3      | HP: 10/52 [Ijyb/bolt of light (5)]
  1656 | D:3      | Killed from afar by Ijyb

Vanquished Creatures
  2 adders (D:2)
  3 endoplasms
  7 goblins
  5 hobgoblins
  2 jackals (D:2)
  3 quokkas
  2 ball pythons (D:1)
  2 bats
  3 kobolds
  2 rats (D:2)
31 creatures vanquished.

Vanquished Creatures (others)
  56 foxfires
56 creatures vanquished.

Grand Total: 87 creatures vanquished

Table legend:
 A = Non-vault XP
 B = Vault XP
 C = Vault XP percentage of total XP
 D = Non-vault monster count
 E = Vault monster count
 F = Vault count percentage of total count
                 A         B        C        D         E       F
            +---------+---------+-------+---------+---------+-------
      Total |      70 |       6 |   7.9 |      28 |       3 |   9.7
            +---------+---------+-------+---------+---------+-------
        D:1 |      19 |       0 |   0.0 |      12 |       0 |   0.0
        D:2 |      50 |       0 |   0.0 |      15 |       0 |   0.0
        D:3 |       1 |       6 |  85.7 |       1 |       3 |  75.0
            +---------+---------+-------+---------+---------+-------

Skill      XL: |  1  2  3 |
---------------+----------+-----
Conjurations   | 1 |  1.7
Fighting       | 1 2 |  2.2
Fire Magic     | 3 |  3.1
Spellcasting   | 3 |  3.0
Dodging        | |  1.7
Stealth        | |  1.4

Action                     || total
---------------------------++-------
  Melee: Unarmed           ||     4
         Dagger            ||    45
         Headbutt          ||     6
   Cast: Foxfire           ||    35
         Scorch            ||     7
    Use: Potion            ||     4
         Scroll            ||     2
 Armour: Robe              ||    42
         Skin              ||    12
  Dodge: Dodged            ||    28

Illustrated notes

Table legend:
 A = Kills in this place as a percentage of kills in the entire game.
 B = Kills by you in this place as a percentage of kills by you in the entire game.
 C = Kills by friends in this place as a percentage of kills by friends in the entire game.
 D = Other kills in this place as a percentage of other kills in the entire game.
 E = Experience gained in this place as a percentage of experience gained in the entire game.
 F = Experience gained in this place divided by the number of levels of this place that you have seen.
                   A       B       C       D       E      F
               +-------+-------+-------+-------+-------+----------------------
         Total | 100.0 | 100.0 |   N/A |   N/A | 100.0 |  25.3
       Dungeon | 100.0 | 100.0 |   N/A |   N/A | 100.0 |  25.3
               +-------+-------+-------+-------+-------+----------------------

Table legend: (Time is in decaauts)
 A = Elapsed time spent in this place.
 B = Non-inter-level travel time spent in this place.
 C = Inter-level travel time spent in this place.
 D = Time resting spent in this place.
 E = Time spent auto-exploring this place.
 F = Levels seen in this place.
 G = Mean time per level.
                   A        B        C        D        E       F      G
               +--------+--------+--------+--------+--------+-----+--------+
         Total |   1655 |   1578 |     77 |     55 |   1064 |   3 |  551.7 |
       Dungeon |   1655 |   1578 |     77 |     55 |   1064 |   3 |  551.7 |
               +--------+--------+--------+--------+--------+-----+--------+

Top non-repeatable levels by time:
     D:1: 854 daAuts
     D:2: 746 daAuts
     D:3: 53 daAuts
